 Dungeon Crawl Stone Soup version 0.22-a0-480-g991dd4b (webtiles) character file.

77 Judge the Poker (level 4, -1/36 (37) HPs)
             Began as a Ghoul Gladiator on June 15, 2018.
             Slain by a hound (3 damage)
             ... on level 5 of the Dungeon.
             The game lasted 00:20:27 (2203 turns).

Judge the Poker (Ghoul Gladiator)                   Turns: 2203, Time: 00:20:28

HP:   -1/36 (37)    AC:  4    Str: 18    XL:     4   Next: 34%
MP:   3/3           EV: 12    Int:  3    God:
Gold: 99            SH:  0    Dex: 10    Spells: 3/3 levels left

rFire    . . .     SeeInvis .   l - -3 hunting sling (curse)
rCold    + . .     Gourm    .   (no shield)
rNeg     + + +     Faith    .   b - +0 leather armour
rPois    ∞         Spirit   .   c - +0 helmet
rElec    .         Reflect  .   (no cloak)
rCorr    .         Harm     .   (no gloves)
MR       .....                  (no boots)
Stlth    +.........             (no amulet)
HPRegen  0.00/turn              (no ring)
MPRegen  0.08/turn              (no ring)

@: rotting
A: rotting body, claws 1, carnivore, cold resistance 1, negative energy
resistance 3, inhibited regeneration, torment resistance, unbreathing
a: no special abilities


You were on level 5 of the Dungeon.
You were not hungry.

You visited 1 branch of the dungeon, and saw 5 of its levels.

You collected 99 gold pieces.

Inventory:

Hand Weapons
 a - a +0 trident
 l - a cursed -3 hunting sling (weapon)
Missiles
 d - 3 throwing nets
 i - 39 bolts
 n - 74 stones (quivered)
Armour
 b - a +0 leather armour (worn)
 c - a +0 helmet (worn)
 m - a +0 robe of magic resistance
 q - a +0 chain mail
Scrolls
 g - a scroll of identify
 h - a scroll of blinking
 j - a scroll of amnesia
Potions
 e - a potion of degeneration {unknown}
 k - a potion of flight {unknown}
 o - a potion of lignification {unknown}
 r - a potion of haste
Comestibles
 f - 5 rations


   Skills:
 + Level 2.6 Fighting
 * Level 3.4 Polearms
 + Level 0.1(1.1) Slings
 + Level 1.9 Throwing
 + Level 1.1 Armour
 * Level 3.3 Dodging
 + Level 0.2 Stealth


You had 3 spell levels left.
You didn't know any spells.
Your spell library was empty.

Dungeon Overview and Level Annotations

Branches:
Dungeon (5/15)
 Temple: D:4-7

Altars:
Qazlal

Annotations:
D:3 Robin


Innate Abilities, Weirdness & Mutations

Your body is rotting away.
You thrive on raw meat.
You are immune to poison.
You have sharp fingernails.
You are carnivorous and can eat meat at any time.
Your flesh is cold resistant. (rC+)
You are immune to negative energy. (rN+++)
You do not regenerate when monsters are visible.
You are immune to unholy pain and torment.
You can survive without breathing.


Message History

You shoot a stone. The stone hits the hound.
The hound is severely wounded.
The hound misses you. The hound closely misses you.
Firing (i - inventory. (/) - cycle)
n - 77 stones (quivered)
Press: ? - help, Shift-Dir - straight line, f/p - hound
Aim: a hound (severely wounded)
You shoot a stone. The stone closely misses the hound.
The hound closely misses you. The hound bites you.
* * * LOW HITPOINT WARNING * * *
Firing (i - inventory. (/) - cycle)
n - 76 stones (quivered)
Press: ? - help, Shift-Dir - straight line, f/p - hound
Aim: a hound (severely wounded)
You shoot a stone. The stone hits the hound.
The hound is almost dead.
The hound barely misses you.
Firing (i - inventory. (/) - cycle)
n - 75 stones (quivered)
Press: ? - help, Shift-Dir - straight line, f/p - hound
Aim: a hound (almost dead)
You shoot a stone. The stone closely misses the hound.
The hound bites you.
You die... ####.# #@h((# ######

You could see a hound.

Vanquished Creatures
  Terence (D:2)
  An ooze (D:2)
  A dart slug (D:2)
  2 leopard geckos
  9 giant cockroaches (D:2)
  6 goblins
  4 hobgoblins
  3 jackals (D:2)
  A ball python (D:2)
  3 bats
  5 frilled lizards
  A kobold (D:1)
  3 rats
40 creatures vanquished.

Notes
Turn   | Place    | Note
-------+----------+-------------------------------------------
     0 | D:1      | Judge the Ghoul Gladiator began the quest for the Orb.
     0 | D:1      | Reached XP level 1. HP: 17/17 MP: 0/0
   797 | D:2      | Reached XP level 2. HP: 18/23 MP: 1/1
  1036 | D:2      | Noticed Terence
  1049 | D:2      | Reached XP level 3. HP: 30/30 MP: 2/2
  1066 | D:2      | Killed Terence
  1252 | D:2      | Reached XP level 4. HP: 23/37 MP: 3/3
  1559 | D:2      | Found a stormy altar of Qazlal.
  1609 | D:2      | Reached skill level 1 in Armour
  1865 | D:3      | Noticed Robin
  2164 | D:3      | Noticed a big kobold
  2183 | D:5      | Entered Level 5 of the Dungeon
  2203 | D:5      | Slain by a hound

Vault maps used:
D:1:      matt_arrival_refuge, minmay_tetromino_t4
D:2:      minmay_roachtagon, grunt_qazlal_clouds, uniq_terence
D:3:      kennysheep_orc_chapel, uniq_ijyb, uniq_robin, uniq_grinder
D:4:      first_ration, nicolae_ru_awakened_eye
D:5:      kiku_gazebo_garden_becter, nicolae_overflow_hidden_temple,
          temple_doors_ab, trog_book

Skill      XL: |  1  2  3  4 |
---------------+-------------+-----
Dodging        | 3 |  3.3
Polearms       | 3 |  3.4
Armour         | 1 |  1.1
Fighting       | |  2.6
Slings         | |  0.1
Throwing       | |  1.9
Stealth        | |  0.2

Action                   |  1- 3 |  4- 6 || total
-------------------------+-------+-------++-------
Melee: Trident           |   104 |    32 ||   136
 Fire: Hunting sling     |       |    43 ||    43
  Use: Scroll            |     5 |     3 ||     8
  Eat: Chunk             |     8 |     2 ||    10
       Ration            |     1 |       ||     1
Armor: Leather armour    |    36 |    30 ||    66
Dodge: Dodged            |    78 |    71 ||   149

Table legend:
 A = Spawn XP
 B = Non-spawn XP
 C = Spawn XP percentage of total XP
 D = Spawn monster count
 E = Non-spawn monster count
 F = Spawn count percentage of total count
 G = Total turns spent on level
                    A         B        C        D         E        F      G
               +---------+---------+-------+---------+---------+-------+---------
         Total |       0 |     111 |   0.0 |       0 |      40 |   0.0 |  2203
               +---------+---------+-------+---------+---------+-------+---------
           D:1 |       0 |       7 |   0.0 |       0 |       5 |   0.0 |   768
           D:2 |       0 |      91 |   0.0 |       0 |      28 |   0.0 |  1082
           D:3 |       0 |       8 |   0.0 |       0 |       5 |   0.0 |   322
           D:5 |       0 |       5 |   0.0 |       0 |       2 |   0.0 |    20
               +---------+---------+-------+---------+---------+-------+---------
